[Event "75th Argentine Women-ch 2024"]
[Site "Buenos Aires"]
[Date "2024.11.22"]
[Round "1.1"]
[White "Montiel Marin, Micaela Agustina"]
[Black "Campos, Maria Jose"]
[Result "0-1"]
[ECO "E06"]
[WhiteElo "1880"]
[BlackElo "2272"]
[Annotator "RC"]
[PlyCount "72"]
[EventDate "2024.11.21"]
[EventType "swiss"]
[EventCountry "ARG"]
[SourceTitle "playchess.com"]
[Source "ChessBase"]
[SourceQuality "1"]
[TimeControl "5400+30"]

1. c4 e6 2. g3 Nf6 3. Bg2 d5 4. Nf3 Be7 5. O-O O-O 6. d4 a5 7. Nc3 b6 8. Ne5 Ba6 9. Re1 c6 10. cxd5 cxd5 11. e4 dxe4 12. Nxe4 Ra7 13. Nc3 Bb4 14. a3 Bxc3 15. bxc3 Bb7 16. c4 Bxg2 17. Kxg2 b5 18. Be3 Ra6 19. Qb3 bxc4 20. Qxc4 Rd6 21. Rab1 Nbd7 22. Kg1 Nd5 23. Bd2 N5b6 24. Qb5 Rd5 25. Qc6 Nxe5 26. dxe5 Nd7 27. Bf4 g5 28. Bc1 Nxe5 29. Qc3 Qc8 30. Qe3 f6 31. Kg2 Re8 32. Qa7 Rd7 33. Qxa5 Qc6+ 34. Kf1 Qh1+ 35. Ke2 Qe4+ 36. Be3 Qd3# 0-1

[Event "75th Argentine Women-ch 2024"]
[Site "Buenos Aires"]
[Date "2024.11.22"]
[Round "1.2"]
[White "Amura, Claudia"]
[Black "Ramirez, Marysol"]
[Result "1/2-1/2"]
[ECO "D46"]
[WhiteElo "2183"]
[BlackElo "1824"]
[Annotator "RC"]
[PlyCount "135"]
[EventDate "2024.11.21"]
[EventType "swiss"]
[EventCountry "ARG"]
[SourceTitle "playchess.com"]
[Source "ChessBase"]
[SourceQuality "1"]
[TimeControl "5400+30"]

1. d4 d5 2. c4 c6 3. Nf3 Nf6 4. e3 e6 5. Nbd2 Bd6 6. Bd3 O-O 7. e4 dxe4 8. Nxe4 Nxe4 9. Bxe4 Bb4+ 10. Bd2 Bxd2+ 11. Qxd2 Nd7 12. O-O-O Nf6 13. Bc2 b5 14. c5 a5 15. Rde1 a4 16. Re5 Qa5 17. Qf4 a3 18. b3 Qc3 19. Rg5 Ne8 20. Kd1 Qa1+ 21. Qc1 Qxc1+ 22. Kxc1 f6 23. Rg3 Nc7 24. Rd1 Nd5 25. Rd2 Nc3 26. Bd3 Ba6 27. Ne1 b4 28. Re3 Kf7 29. g3 Bxd3 30. Nxd3 Nd5 31. Re1 Rab8 32. f4 Rfd8 33. Kc2 Nc7 34. Nc1 Nb5 35. Ne2 Rd5 36. Kd3 Rbd8 37. Kc4 Rb8 38. Rd3 Rb7 39. g4 Rb8 40. h4 h6 41. h5 Rbd8 42. Rf1 R8d7 43. Kxb4 e5 44. Rfd1 exd4 45. Kc4 Re7 46. Ng3 Nc3 47. R1d2 Nb1 48. Rc2 Re3 49. Nf5 Rxd3 50. Kxd3 Nc3 51. Nxd4 Nb5 52. Rc4 g6 53. hxg6+ Kxg6 54. f5+ Kg5 55. Ke4 Nxd4 56. Rxd4 Rxc5 57. Rd7 Kxg4 58. Rg7+ Kh5 59. Ra7 Kg5 60. Rg7+ Kh5 61. Ra7 Kg5 62. Rg7+ Kh5 63. Ra7 Kg5 64. Rd7 Kg4 65. Rg7+ Kh5 66. Ra7 Kg5 67. Rg7+ Kh5 68. Ra7 1/2-1/2

[Event "75th Argentine Women-ch 2024"]
[Site "Buenos Aires"]
[Date "2024.11.22"]
[Round "1.3"]
[White "Bossero, Ingrid"]
[Black "Zuriel, Marisa"]
[Result "0-1"]
[ECO "B84"]
[WhiteElo "1694"]
[BlackElo "2163"]
[Annotator "RC"]
[PlyCount "74"]
[EventDate "2024.11.21"]
[EventType "swiss"]
[EventCountry "ARG"]
[SourceTitle "playchess.com"]
[Source "ChessBase"]
[SourceQuality "1"]
[TimeControl "5400+30"]

1. e4 c5 2. Nf3 d6 3. d4 cxd4 4. Nxd4 Nf6 5. Nc3 a6 6. Be2 e6 7. O-O Be7 8. Be3 O-O 9. Qd2 Qc7 10. Kh1 b5 11. a3 Bb7 12. f3 Nbd7 13. Bd3 Ne5 14. Qf2 Rac8 15. Rad1 Nc4 16. Bc1 Nxa3 17. bxa3 Qxc3 18. Ne2 Qc7 19. Qg3 Rfe8 20. Bb2 g6 21. h4 e5 22. Qh2 h5 23. Rf2 Bf8 24. Bc1 Bg7 25. Ng1 d5 26. exd5 Bxd5 27. Nh3 Qb6 28. Rdf1 Bc4 29. Qg3 Bxd3 30. cxd3 Rc3 31. Rd1 Qe6 32. Bb2 Qb3 33. Bxc3 Qxd1+ 34. Kh2 Qxd3 35. Bxe5 Rxe5 36. Rd2 Qxd2 37. Qxe5 Ng4+ 0-1

[Event "75th Argentine Women-ch 2024"]
[Site "Buenos Aires"]
[Date "2024.11.21"]
[Round "1.4"]
[White "Adam, Ernestina"]
[Black "Alvarez, Mia Morena"]
[Result "1-0"]
[ECO "B99"]
[WhiteElo "2154"]
[BlackElo "1653"]
[Annotator "RC"]
[PlyCount "49"]
[EventDate "2024.11.21"]
[EventType "swiss"]
[EventCountry "ARG"]
[SourceTitle "playchess.com"]
[Source "ChessBase"]
[SourceQuality "1"]
[TimeControl "5400+30"]

1. e4 c5 2. Nf3 d6 3. d4 cxd4 4. Nxd4 Nf6 5. Nc3 a6 6. Bg5 e6 7. f4 Be7 8. Qf3 Qc7 9. O-O-O Nbd7 10. Bd3 Nc5 11. Rhe1 h6 12. Qh3 e5 13. Nf5 g6 14. Qh4 gxf5 15. Bxf6 fxe4 16. Bxe4 Be6 17. Bd5 Rg8 18. Bxe6 fxe6 19. Qh5+ Kd8 20. Qf7 Rf8 21. Qxf8+ Kd7 22. Qxe7+ Kc6 23. Qxc7+ Kxc7 24. Be7 Kc6 25. Bxd6 1-0

[Event "75th Argentine Women-ch 2024"]
[Site "Buenos Aires"]
[Date "2024.11.22"]
[Round "1.5"]
[White "Palomares, Lujan"]
[Black "Brizzi, Milagros Tatiana"]
[Result "0-1"]
[ECO "B13"]
[WhiteElo "1633"]
[BlackElo "2114"]
[Annotator "RC"]
[PlyCount "88"]
[EventDate "2024.11.21"]
[EventType "swiss"]
[EventCountry "ARG"]
[SourceTitle "playchess.com"]
[Source "ChessBase"]
[SourceQuality "1"]
[TimeControl "5400+30"]

1. e4 c6 2. d4 d5 3. exd5 cxd5 4. Nf3 Nc6 5. Bf4 Nf6 6. c3 Bg4 7. Nbd2 e6 8. Qc2 Bd6 9. Bxd6 Qxd6 10. Bd3 O-O 11. O-O Rac8 12. a3 Bh5 13. Rfe1 a6 14. Rac1 Rc7 15. Qb1 Bg6 16. Ne5 Na5 17. Nxg6 hxg6 18. b4 Qf4 19. Nf3 Nc6 20. Qc2 Rfc8 21. Qe2 Ne7 22. c4 dxc4 23. Rxc4 Rxc4 24. Bxc4 Nfd5 25. g3 Qg4 26. Bxd5 Nxd5 27. Ne5 Qxe2 28. Rxe2 Rc1+ 29. Kg2 b6 30. Nd7 Rc4 31. Rd2 f6 32. Nb8 a5 33. bxa5 bxa5 34. Na6 Rc3 35. a4 Rc4 36. Nc5 Kf7 37. Re2 e5 38. Nb3 exd4 39. Nxa5 Rxa4 40. Nc6 d3 41. Rd2 Ra3 42. Nd4 Nb4 43. Kf3 f5 44. Ke3 Nc2+ 0-1

[Event "75th Argentine Women-ch 2024"]
[Site "Buenos Aires"]
[Date "2024.11.22"]
[Round "1.6"]
[White "Gaite, Karen Nerina"]
[Black "Perez Lascano, Lucila"]
[Result "1-0"]
[ECO "E90"]
[WhiteElo "1997"]
[BlackElo "1593"]
[Annotator "RC"]
[PlyCount "69"]
[EventDate "2024.11.21"]
[EventType "swiss"]
[EventCountry "ARG"]
[SourceTitle "playchess.com"]
[Source "ChessBase"]
[SourceQuality "1"]
[TimeControl "5400+30"]

1. c4 Nf6 2. Nc3 g6 3. d4 Bg7 4. e4 d6 5. Nf3 O-O 6. Be3 e5 7. d5 Ng4 8. Bg5 f6 9. Bh4 Nd7 10. h3 Nh6 11. g4 Nf7 12. Bd3 Bh6 13. b4 Bf4 14. Ne2 Qe7 15. Bg3 g5 16. h4 Nb6 17. Nh2 Nh6 18. f3 Bd7 19. Kf2 c6 20. dxc6 Bxc6 21. Nf1 Nf7 22. Ne3 Ba4 23. Nf5 Qc7 24. Qf1 Nxc4 25. Nxf4 exf4 26. Bxc4 fxg3+ 27. Kg2 Kh8 28. hxg5 fxg5 29. Rxh7+ Kxh7 30. Qh1+ Kg6 31. Bxf7+ Kxf7 32. Qh7+ Ke6 33. Qxc7 Rae8 34. Qxd6+ Kf7 35. Rh1 1-0

[Event "75th Argentine Women-ch 2024"]
[Site "Buenos Aires"]
[Date "2024.11.22"]
[Round "1.8"]
[White "Nejanky, Maisa"]
[Black "Quiroga Ortiz, Isabella"]
[Result "1-0"]
[ECO "B12"]
[WhiteElo "1928"]
[BlackElo "1508"]
[Annotator "RC"]
[PlyCount "131"]
[EventDate "2024.11.21"]
[EventType "swiss"]
[EventCountry "ARG"]
[SourceTitle "playchess.com"]
[Source "ChessBase"]
[SourceQuality "1"]
[TimeControl "5400+30"]

1. e4 c6 2. d4 d5 3. e5 Bf5 4. h4 h5 5. c4 e6 6. Nc3 Be7 7. Nf3 Nh6 8. Bg5 Bg6 9. Qb3 Qb6 10. Qxb6 axb6 11. cxd5 cxd5 12. Rc1 Bb4 13. a3 Bxc3+ 14. Rxc3 Kd7 15. Bb5+ Nc6 16. Bxh6 Rxh6 17. Kd2 Rhh8 18. Rhc1 Rac8 19. Ne1 Rhf8 20. Rg3 Ke7 21. Bxc6 Rxc6 22. Rxc6 bxc6 23. Rb3 Rb8 24. Nd3 Bxd3 25. Kxd3 Kd7 26. Kd2 g6 27. Ke3 Kc7 28. Kf4 c5 29. Kg5 Kc6 30. dxc5 Kxc5 31. Rc3+ Kd4 32. Kf4 Rb7 33. f3 b5 34. g4 b4 35. axb4 Rxb4 36. Rc7 Kd3+ 37. Kg5 hxg4 38. fxg4 Ke4 39. Rxf7 d4 40. Kxg6 d3 41. h5 Ke3 42. g5 Rf4 43. h6 d2 44. Rd7 Rd4 45. Rxd4 Kxd4 46. h7 d1=Q 47. h8=Q Qc2+ 48. Kf7 Qc7+ 49. Kxe6 Qc6+ 50. Kf7 Qb7+ 51. Kf6 Qf3+ 52. Kg7 Qb7+ 53. Kf6 Qf3+ 54. Kg6 Qe4+ 55. Kg7 Qb7+ 56. Kg8 Qa8+ 57. Kh7 Qh1+ 58. Kg7 Qb7+ 59. Kf6 Qc6+ 60. e6 Kc5 61. Qf8+ Kb5 62. Qb8+ Kc4 63. Qe5 Qf3+ 64. Kg7 Qh5 65. e7 Qe8 66. Qc7+ 1-0

[Event "75th Argentine Women-ch 2024"]
[Site "Buenos Aires"]
[Date "2024.11.22"]
[Round "1.9"]
[White "Perez Mosqueda, Valeria Ritzabeth"]
[Black "Maggiolo, Elisa"]
[Result "0-1"]
[ECO "D94"]
[WhiteElo "1476"]
[BlackElo "1922"]
[Annotator "RC"]
[PlyCount "94"]
[EventDate "2024.11.21"]
[EventType "swiss"]
[EventCountry "ARG"]
[SourceTitle "playchess.com"]
[Source "ChessBase"]
[SourceQuality "1"]
[TimeControl "5400+30"]

1. d4 Nf6 2. Nf3 g6 3. e3 Bg7 4. c4 c5 5. Nc3 O-O 6. Be2 d5 7. O-O cxd4 8. exd4 Nc6 9. b3 Bg4 10. Bb2 dxc4 11. bxc4 Bxf3 12. Bxf3 Qxd4 13. Qe2 Qc5 14. Bxc6 bxc6 15. a4 Rab8 16. Ba3 Qa5 17. Rfc1 Rb3 18. Bb2 Rfb8 19. Rab1 e6 20. g3 Nd7 21. Qc2 Ne5 22. Ba1 Rxb1 23. Rxb1 Rxb1+ 24. Qxb1 Nxc4 25. Qb8+ Bf8 26. Qb1 Qb4 27. Qd3 Ne5 28. Qe3 Qb8 29. Qe4 h5 30. Ne2 Bg7 31. Nf4 Qd6 32. Kg2 Ng4 33. Bxg7 Kxg7 34. h3 Nf6 35. Qe3 c5 36. Qc3 Qd4 37. Qxd4 cxd4 38. Kf1 Ne4 39. Ke2 e5 40. Nd3 Kf6 41. Kf3 Nc3 42. a5 e4+ 43. Kf4 exd3 44. g4 d2 45. f3 d1=Q 46. Kg3 Qg1+ 47. Kf4 g5# 0-1

[Event "75th Argentine Women-ch 2024"]
[Site "Buenos Aires"]
[Date "2024.11.22"]
[Round "1.10"]
[White "Herrera, Solange"]
[Black "Macuri, Genesis"]
[Result "1-0"]
[ECO "D20"]
[WhiteElo "1880"]
[BlackElo "1449"]
[Annotator "NA RC"]
[PlyCount "45"]
[EventDate "2024.11.21"]
[EventType "swiss"]
[EventCountry "ARG"]
[SourceTitle "playchess.com"]
[Source "ChessBase"]
[SourceQuality "1"]
[TimeControl "5400+30"]

1. d4 d5 2. c4 dxc4 3. e4 e6 4. Bxc4 Be7 5. Nf3 Nf6 6. Nc3 O-O 7. O-O Nc6 8. d5 exd5 9. exd5 Na5 10. Bd3 Nxd5 11. Nxd5 Qxd5 12. Bxh7+ Kxh7 13. Qxd5 Nc6 14. Bd2 Nb4 15. Bxb4 Bxb4 16. Qe4+ Kg8 17. Qxb4 a5 18. Qf4 c5 19. Rfe1 b6 20. Ng5 f6 21. Qc4+ Kh8 22. Qh4+ Kg8 23. Qh7# 1-0